 Dungeon Crawl Stone Soup version 0.21.0-3-g78d12a8 (webtiles) character file.

66 Gorglomux the Cutter (level 4, -4/23 HPs)
             Began as a Vine Stalker Gladiator on Jan 10, 2018.
             Shot with an arrow by a centaur (10 damage)
             ... on level 2 of the Dungeon.
             The game lasted 00:02:17 (1480 turns).

Gorglomux the Cutter (Vine Stalker Gladiator)       Turns: 1480, Time: 00:02:18

Health: -4/23      AC: 13    Str: 18    XL:     4   Next: 15%
Magic:  0/5        EV:  6    Int:  8    God:
Gold:   103        SH:  0    Dex: 15    Spells: 3/3 levels left

rFire    . . .     SeeInvis .   a - +0 rapier
rCold    . . .     Gourm    .   (no shield)
rNeg     . . .     Faith    .   P - -1 plate armour (curse)
rPois    .         Spirit   +   c - +0 helmet
rElec    .         Reflect  .   O - +2 cloak
rCorr    .         Harm     .   (no gloves)
MR       .....                  (no boots)
Stlth    ..........             M - amulet of inaccuracy (curse)
HPRegen  0.47/turn              (no ring)
MPRegen  0.09/turn              (no ring)

@: no status effects
A: fangs 2, regeneration 1, magic shield, antimagic bite, no potion heal 3, rot
immunity
a: no special abilities


You were on level 2 of the Dungeon.
You were not hungry.

You visited 1 branch of the dungeon, and saw 2 of its levels.

You collected 103 gold pieces.

Inventory:

Hand Weapons
 a - a +0 rapier (weapon)
Missiles
 Z - 3 throwing nets (quivered)
Armour
 c - a +0 helmet (worn)
 O - a +2 cloak (worn)
 P - a cursed -1 plate armour (worn)
Jewellery
 M - a cursed amulet of inaccuracy (around neck)
Scrolls
 Q - a scroll of teleportation {unknown}
 R - 3 scrolls of remove curse {unknown}
 S - a scroll of amnesia {unknown}
 V - a scroll of fear {unknown}
Potions
 N - a potion of degeneration {unknown}
 T - a potion of ambrosia {unknown}
 U - 2 potions of brilliance {unknown}
 X - a potion of heal wounds {unknown}
 Y - 4 potions of curing {unknown}
Comestibles
 f - 4 rations


   Skills:
 + Level 2.4 Fighting
 + Level 3.2 Short Blades
 - Level 1.7 Throwing
 + Level 1.2 Armour
 + Level 2.9 Dodging


You had 3 spell levels left.
You didn't know any spells.

Dungeon Overview and Level Annotations

Branches:
Dungeon (2/15)

Altars:


Innate Abilities, Weirdness & Mutations

You have extremely sharp teeth.
Your natural rate of healing is unusually fast.
When hurt, damage is shared between your health and your magic reserves.
Your bite disrupts and absorbs the magic of your enemies.
Potions cannot restore your health.
You are immune to rotting.


Message History

You are too injured to fight recklessly!!!
You are too injured to fight butt-ly!!!
You are too injured to fight recklessly!!!
Unknown command!
There are monsters nearby!!!
You are too injured to fight recklessly!!!
You are too injured to fight recklessly!!!
You are too injured to fight recklessly!!!
You are too injured to fight recklessly!!!
Unknown command!
Okay, then!
Unknown command!
The centaur shoots an arrow!
The arrow hits you! * * * don't die
* * *
Things that are here:
2 arrows; 2 stones The centaur shoots an arrow!
The arrow hits you but does no damage!
You see here an arrow!
The centaur shoots an arrow!
The arrow hits you!!! rip

###.......##
####..........#
..............## #
...#....####.... #.
>..'....'....♣♣♣
####.#########....###♣.♣..
.........#...#....##♣♣♣..♣
.........#...#####..♣♣P.♣.
.........@.......)#..P.♣.♣
........(#.#......#♣♣.....
........(#.#......# ♣.♣.♣.
.......((#.#......# ♣♣..♣♣
<...cK..)#+#......# ♣♣♣♣P
..................# ♣♣ ♣..
............####### ♣..♣P♣
............# #♣P♣♣.
..$.........# ♣.P...


You could see a centaur and a kobold.

Vanquished Creatures
  An adder (D:2)
  A dart slug (D:1)
  A worm (D:2)
  3 leopard geckos
  7 bats
  4 giant cockroaches
  3 hobgoblins
  8 kobolds
  2 frilled lizards
  12 goblins
  A rat (D:1)
43 creatures vanquished.

Notes
Turn   | Place    | Note
-------+----------+-------------------------------------------
     0 | D:1      | Gorglomux the Vine Stalker Gladiator began the quest for the Orb.
     0 | D:1      | Reached XP level 1. HP: 11/11 MP: 2/2
   284 | D:1      | Reached XP level 2. HP: 14/15 MP: 3/3
   692 | D:1      | Reached XP level 3. HP: 18/18 MP: 4/4
   744 | D:2      | Reached skill level 3 in Short Blades
   821 | D:2      | Reached skill level 1 in Armour
  1077 | D:2      | Gained mutation: Your natural rate of healing is unusually fast. [Vine Stalker growth]
  1077 | D:2      | Reached XP level 4. HP: 22/23 MP: 5/5
  1472 | D:2      | Noticed a centaur
  1480 | D:2      | Shot with an arrow by a centaur

Skill      XL: |  1  2  3 |
---------------+----------+-----
Fighting       | 2 |  2.4
Short Blades   | 3 |  3.2
Armour         | 1 |  1.2
Throwing       | |  1.7
Dodging        | |  2.9

Action                   |  1- 3 |  4- 6 || total
-------------------------+-------+-------++-------
Melee: Rapier            |    95 |    19 ||   114
       Bite              |    19 |     3 ||    22
  Eat: Chunk             |     1 |     1 ||     2
Armor: Leather armour    |    23 |       ||    23
       Plate armour      |    24 |    17 ||    41
Dodge: Dodged            |    58 |     6 ||    64
